 Dungeon Crawl Stone Soup version 0.30-a0-965-g42e074c17a (webtiles) character file.

Game seed: 5980799483206579106

28 Ahpoh the Trooper (level 3, -1/23 HPs)
             Began as a Gargoyle Monk on Mar 30, 2023.
             Slain by a worm (3 damage)
             ... on level 2 of the Dungeon.
             The game lasted 00:02:09 (852 turns).

Ahpoh the Trooper (Gargoyle Monk)                    Turns: 852, Time: 00:02:10

Health: -1/23      AC:  8    Str: 14    XL:     3   Next: 14%
Magic:  3/3        EV: 11    Int: 10    God:
Gold:   43         SH:  0    Dex: 14    Spells: 2/2 levels left

rFire   . . .      SeeInvis .    a - +0 falchion
rCold   . . .      Faith    .    (no shield)
rNeg    + . .      Spirit   .    e - +0 ring mail
rPois   ∞          Reflect  .    (no helmet)
rElec   +          Rampage  .    (no cloak)
rCorr   .                        (no gloves)
Will    .....                    (no boots)
Stlth   +                        (no amulet)
HPRegen 0.23/turn                (no ring)
MPRegen 0.08/turn                (no ring)

@: no status effects
A: sickness immunity, AC +3, negative energy resistance 1, electricity
resistance, torment resistance 1, petrification resistance
a: no special abilities


You were on level 2 of the Dungeon.
You visited 1 branch of the dungeon, and saw 2 of its levels.

You collected 43 gold pieces.

Inventory:

Hand Weapons
 a - a +0 falchion (weapon)
Armour
 b - a +0 robe
 e - a +0 ring mail (worn)
Scrolls
 d - 2 scrolls of immolation
 g - a scroll of noise {unknown}
 h - a scroll of acquirement {unknown}
Potions
 c - a potion of ambrosia
 f - a potion of mutation {unknown}
 i - a potion of flight {unknown}


   Skills:
 + Level 3.6 Fighting
 + Level 3.2 Long Blades
 + Level 0.4 Armour
 + Level 2.7 Dodging
 + Level 2.2 Stealth


You had 2 spell levels left.
You didn't know any spells.
Your spell library was empty.

Dungeon Overview and Level Annotations

Branches:
Dungeon (2/15)

Altars:

Shops:
D:1 *


Innate Abilities, Weirdness & Mutations

You are immune to sickness and miasma.
Your stone body is resilient. (AC +3)
You are immune to poison.
You resist negative energy. (rN+)
You are resistant to electric shocks. (rElec)
You are resistant to unholy torment.
You are immune to petrification.


Message History

The hobgoblin barely misses you. The adder closely misses you.
You closely miss the hobgoblin. The hobgoblin hits you. The adder bites you.
You hit the hobgoblin.
The hobgoblin is lightly wounded.
The adder closely misses you. The hobgoblin barely misses you. x2
The adder bites you but does no damage.
You hit the hobgoblin.
The hobgoblin is moderately wounded.
The adder bites you. The hobgoblin barely misses you.
You barely miss the hobgoblin.
The hobgoblin is moderately wounded.
The adder barely misses you. The hobgoblin closely misses you.
The adder barely misses you.
You hit the hobgoblin.
The hobgoblin is almost dead.
The adder bites you but does no damage. The hobgoblin barely misses you.
You barely miss the hobgoblin.
The hobgoblin is almost dead.
The adder closely misses you. The hobgoblin hits you. The adder misses you.
A worm comes into view.
You hit the hobgoblin.
You kill the hobgoblin!
The adder closely misses you. The adder attacks as you move away!
The adder bites you but does no damage.
Found 13 gold pieces.
Found an escape hatch in the ceiling.
You see here a hobgoblin corpse.
The adder attacks as you move away! The adder closely misses you. x2
You closely miss the adder.
The adder bites you but does no damage. x2
You closely miss the adder. The adder misses you.
You hit the adder but do no damage. The adder bites you but does no damage.
The adder closely misses you.
You hit the adder.
The adder is lightly wounded.
The adder misses you. The worm bites you!
* * * LOW HITPOINT WARNING * * *
You barely miss the adder.
The adder is lightly wounded.
The adder closely misses you. The adder bites you but does no damage.
The worm bites you.
You die...

#..............#
#.......##.........
##.................
#..........#......
###........#......
#...............
#####..........#
###............<.#
........†S@......#
...........w.....#
..................
..................
$.................
...............$..
........#######...
........# ...


You could see a worm and an adder.

Vanquished Creatures
  An adder (D:2)
  A dart slug (D:2)
  4 bats (D:1)
  A giant cockroach (D:1)
  A hobgoblin (D:2)
  4 ball pythons
  2 frilled lizards (D:1)
  A goblin (D:1)
  3 kobolds (D:1)
  2 rats (D:1)
20 creatures vanquished.

Vanquished Creatures (others)
  A fungus (D:1)
  A plant (D:1)
2 creatures vanquished.

Grand Total: 22 creatures vanquished

Notes
Turn   | Place    | Note
-------+----------+-------------------------------------------
     0 | D:1      | Ahpoh the Gargoyle Monk began the quest for the Orb.
     0 | D:1      | Reached XP level 1. HP: 14/14 MP: 1/1
    46 | D:1      | Found a faded altar of an unknown god.
   219 | D:1      | Reached XP level 2. HP: 16/19 MP: 2/2
   631 | D:1      | Found Ciywiam's Assorted Antiques.
   779 | D:2      | Reached XP level 3. HP: 22/23 MP: 3/3
   851 | D:2      | HP: 1/23 [worm (8)]
   852 | D:2      | Slain by a worm

Illustrated notes

Levels and vault maps discovered:
D:1:      tarquinn_simple_flora_water_f, layout_loops_ring, serial_shops, shop,
          shapermc_ecumenical_altar_mp_ritualfount
D:2:      layout_basic, uniq_natasha, uniq_robin

Skill      XL: |  1  2 |
---------------+-------+-----
Long Blades    | 3 |  3.2
Fighting       | |  3.6
Armour         | |  0.4
Dodging        | |  2.7
Stealth        | |  2.2

Action                     || total
---------------------------++-------
  Melee: Falchion          ||    85
    Use: Scroll            ||     1
   Stab: Sleeping          ||     1
 Armour: Ring mail         ||    62
         Robe              ||     1
  Dodge: Dodged            ||    93

Table legend: (Time is in decaauts)
 A = Elapsed time spent in this place.
 B = Non-inter-level travel time spent in this place.
 C = Inter-level travel time spent in this place.
 D = Time resting spent in this place.
 E = Time spent auto-exploring this place.
 F = Levels seen in this place.
 G = Mean time per level.
                   A        B        C        D        E       F      G
               +--------+--------+--------+--------+--------+-----+--------+
         Total |    865 |    860 |      5 |      0 |    552 |   2 |  432.5 |
       Dungeon |    865 |    860 |      5 |      0 |    552 |   2 |  432.5 |
               +--------+--------+--------+--------+--------+-----+--------+

Top non-repeatable levels by time:
     D:1: 778 daAuts
     D:2: 87 daAuts
